 Dungeon Crawl Stone Soup version 0.28-a0-1199-gef9e1dbd39 (webtiles) character file.

Game seed: 3850188903580223034

343 Gargoyl the Skirmisher (level 6, -6/53 HPs)
             Began as a Gnoll Abyssal Knight on Dec 19, 2021.
             Was a Believer of Lugonu.
             Mangled by Duvessa (8 damage)
             ... on level 5 of the Dungeon.
             The game lasted 00:04:18 (3942 turns).

Gargoyl the Skirmisher (Gnoll Abyssal Knight)       Turns: 3942, Time: 00:04:19

Health: -6/53      AC:  9    Str: 15    XL:     6   Next: 57%
Magic:  9/9        EV:  7    Int:  9    God:    Lugonu [**....]
Gold:   104        SH:  0    Dex: 12    Spells: 9/9 levels left

rFire   . . .      SeeInvis .   j - +1 dagger (venom)
rCold   . . .      Faith    .   (no shield)
rNeg    . . .      Spirit   .   g - +0 chain mail
rPois   .          Reflect  .   (no helmet)
rElec   .          Harm     .   (no cloak)
rCorr   +          Rampage  .   (no gloves)
Will    .....                   (no boots)
Stlth   ..........              (no amulet)
HPRegen 0.17/turn               b - ring of resist corrosion
MPRegen 0.11/turn               (no ring)

@: lit by a corona, attractive, glowing
A: fangs 1, strong nose, distributed training
a: Renounce Religion, Depart the Abyss, Bend Space


You were on level 5 of the Dungeon.
You worshipped Lugonu.
Lugonu was pleased with you.
You visited 1 branch of the dungeon, and saw 5 of its levels.
You visited the Abyss 1 time.

You collected 104 gold pieces.

Inventory:

Hand Weapons
 a - a +3 hand axe
 j - a +1 dagger of venom (weapon)
Missiles
 c - 26 poisoned darts (quivered)
Armour
 g - a +0 chain mail (worn)
Jewellery
 b - a ring of resist corrosion (left hand)
 i - a ring of poison resistance
Scrolls
 h - a scroll of amnesia {unknown}
Potions
 d - 3 potions of curing
 e - a potion of haste


   Skills:
 + Level 6.8 Fighting
 + Level 2.0 Short Blades
 + Level 2.0 Long Blades
 + Level 5.0 Axes
 + Level 2.0 Maces & Flails
 + Level 2.0 Polearms
 + Level 2.0 Staves
 + Level 2.0 Slings
 + Level 2.0 Bows
 + Level 2.0 Crossbows
 + Level 2.0 Throwing
 + Level 5.0 Armour
 + Level 3.3 Dodging
 + Level 2.0 Stealth
 + Level 2.0 Shields
 + Level 2.0 Unarmed Combat
 + Level 2.0 Spellcasting
 + Level 1.6 Conjurations
 + Level 1.6 Hexes
 + Level 1.6 Summonings
 + Level 1.6 Necromancy
 + Level 1.6 Translocations
 + Level 1.6 Transmutations
 + Level 1.6 Fire Magic
 + Level 1.6 Ice Magic
 + Level 1.6 Air Magic
 + Level 1.6 Earth Magic
 + Level 1.6 Poison Magic
 + Level 5.1 Invocations
 + Level 2.0 Evocations


You had 9 spell levels left.
You didn't know any spells.
Your spell library contained the following spells:

 Spells                   Type           Power      Damage    Failure   Level
 Magic Dart               Conj           12%        1d3       97%         1
 Slow                     Hex            12%        N/A       97%         1
 Call Imp                 Summ           3%         N/A       99%         2
 Corpse Rot               Necr/Air       6%         N/A       99%         2
 Passwall                 Tmut/Erth      2%         N/A       99%         2
 Poisonous Vapours        Pois/Air       6%         N/A       99%         2
 Confusing Touch          Hex            3%         N/A       100%        3
 Gell's Gravitas          Tloc           3%         N/A       100%        3
 Mephitic Cloud           Conj/Pois/Air  3%         N/A       100%        3
 Stone Arrow              Conj/Erth      6%         3d7       100%        3
 Summon Guardian Golem    Hex/Summ       3%         N/A       100%        3
 Swiftness                Air            3%         N/A       100%        3
 Teleport Other           Tloc           3%         N/A       100%        3
 Animate Armour           Summ/Erth      6%         N/A       100%        4
 Yara's Violent Unravell  Hex/Tmut       1%         3d3       100%        5
 Dispersal                Tloc           1%         N/A       100%        6
 Orb of Destruction       Conj           1%         N/A       100%        7
 Spellforged Servitor     Conj/Summ      1%         N/A       100%        7
 Lehudib's Crystal Spear  Conj/Erth      1%         10d2      100%        8


Dungeon Overview and Level Annotations

Branches:
Dungeon (5/15)             Temple (0/1) D:4

Altars:
Dithmenos
Elyvilon
Hepliaklqana
Okawaru
Xom

Annotations:
D:5 Dowan, Duvessa


Innate Abilities, Weirdness & Mutations

You have very sharp teeth.
Your uncanny sense of smell can sniff out nearby items.
Your experience applies equally to all skills.


Message History

You are outlined in light.
You closely miss Duvessa. Duvessa hits you with a +0 short sword.
You closely miss Duvessa. Duvessa hits you but does no damage.
Dowan casts a spell at you. The puff of flame hits you!
Unknown command.
You hit Duvessa but do no damage. Duvessa barely misses you.
Dowan casts a spell at you. The puff of flame hits you.
You closely miss Duvessa. You bite Duvessa.
Duvessa is lightly wounded.
Duvessa hits you with a +0 short sword.
Unknown command.
You hit Duvessa but do no damage.
Duvessa is lightly wounded.
Dowan zaps a wand.
The puff of flame hits you but does no damage.
Duvessa hits you but does no damage.
Unknown command.
You hit Duvessa but do no damage.
Duvessa is lightly wounded.
Duvessa hits you but does no damage.
You hit Duvessa but do no damage.
Duvessa is poisoned.
Duvessa is lightly wounded.
Dowan says, "Magic and the sword, together, will defeat you."
Dowan gestures at you while chanting. The puff of frost hits you!
Duvessa hits you with a +0 short sword!
* * * LOW HITPOINT WARNING * * *
Unknown command.
Unknown command.
You feel better.
Dowan casts a spell at Duvessa.
Duvessa seems to speed up.
Duvessa barely misses you.
It was a potion of attraction.
You feel attractive to monsters. Dowan gestures at you while chanting.
The puff of frost hits you!
* * * LOW HITPOINT WARNING * * *
Duvessa hits you with a +0 short sword!
You die...

...#.#......## #...........##..
#............. ..........
#.........##.. ...........
####........## #....>......
......##........ #........$..
.##..########### ............
........##############...........
..##.#?........e@.............>..
........#####.................<..
........# #...e....#...........
........# #......................
.$..........#.................##.
...e....#####........##.#.###....
........# ..........##.# # #....
........# ..#........# . #..!.
.#########.. #....


You could see Duvessa (fast, very poisoned) and Dowan.

Vanquished Creatures
  A bullfrog skeleton (D:4)
  A hound (D:4)
  An orc wizard (D:4)
  5 adders
  2 worms
  A dart slug (D:2)
  6 orcs
  6 bats
  3 endoplasms
  2 giant cockroaches
  8 goblins
  8 hobgoblins
  6 jackals (D:1)
  6 kobolds
  3 quokkas
  8 ball pythons
  3 frilled lizards
  A quokka skeleton (D:4)
  6 rats
77 creatures vanquished.

Vanquished Creatures (collateral kills)
  A naga zombie (Abyss:1)
1 creature vanquished.

Grand Total: 78 creatures vanquished

Notes
Turn   | Place    | Note
-------+----------+-------------------------------------------
     0 | Abyss:1  | Gargoyl the Gnoll Abyssal Knight began the quest for the
                  | Orb.
     0 | Abyss:1  | Reached XP level 1. HP: 23/23 MP: 3/3
    56 | Abyss:1  | Noticed a naga warrior zombie
    69 | Abyss:1  | Noticed a worldbinder
    69 | Abyss:1  | Killed a naga warrior zombie
    70 | Abyss:1  | Reached skill level 1 in Short Blades
    70 | Abyss:1  | Reached skill level 1 in Long Blades
    70 | Abyss:1  | Reached skill level 1 in Maces & Flails
    70 | Abyss:1  | Reached skill level 1 in Polearms
    70 | Abyss:1  | Reached skill level 1 in Staves
    70 | Abyss:1  | Reached skill level 1 in Slings
    70 | Abyss:1  | Reached skill level 1 in Bows
    70 | Abyss:1  | Reached skill level 1 in Crossbows
    70 | Abyss:1  | Reached skill level 1 in Throwing
    70 | Abyss:1  | Reached skill level 1 in Stealth
    70 | Abyss:1  | Reached skill level 1 in Shields
    70 | Abyss:1  | Reached skill level 1 in Unarmed Combat
    70 | Abyss:1  | Reached skill level 1 in Spellcasting
    70 | Abyss:1  | Reached skill level 1 in Conjurations
    70 | Abyss:1  | Reached skill level 1 in Hexes
    70 | Abyss:1  | Reached skill level 1 in Summonings
    70 | Abyss:1  | Reached skill level 1 in Necromancy
    70 | Abyss:1  | Reached skill level 1 in Translocations
    70 | Abyss:1  | Reached skill level 1 in Transmutations
    70 | Abyss:1  | Reached skill level 1 in Fire Magic
    70 | Abyss:1  | Reached skill level 1 in Ice Magic
    70 | Abyss:1  | Reached skill level 1 in Air Magic
    70 | Abyss:1  | Reached skill level 1 in Earth Magic
    70 | Abyss:1  | Reached skill level 1 in Poison Magic
    70 | Abyss:1  | Reached skill level 1 in Evocations
    70 | Abyss:1  | Reached XP level 2. HP: 29/29 MP: 5/5
    70 | Abyss:1  | Reached XP level 3. HP: 35/35 MP: 6/6
    70 | Abyss:1  | Reached XP level 4. HP: 41/41 MP: 7/7
    70 | Abyss:1  | Reached XP level 5. HP: 47/47 MP: 8/8
    70 | Abyss:1  | Noticed a tarantella
    72 | Abyss:1  | Noticed a tarantella
    72 | Abyss:1  | Noticed a tarantella
    73 | D:1      | Escaped the Abyss
   274 | D:1      | Reached * piety under Lugonu
   983 | D:2      | Found a faded altar of an unknown god.
  1086 | D:2      | Reached ** piety under Lugonu
  1797 | D:3      | Found a shadowy altar of Dithmenos.
  1933 | D:3      | Found a hazy altar of Hepliaklqana.
  2239 | D:3      | Reached skill level 5 in Invocations
  2239 | D:3      | Reached XP level 6. HP: 51/53 MP: 9/9
  2798 | D:4      | Found a shimmering altar of Xom.
  2858 | D:4      | Found a staircase to the Ecumenical Temple.
  3038 | D:4      | Reached skill level 5 in Axes
  3038 | D:4      | Reached skill level 5 in Armour
  3559 | D:4      | Found a white marble altar of Elyvilon.
  3874 | D:4      | Found an iron altar of Okawaru.
  3902 | D:5      | Entered Level 5 of the Dungeon
  3915 | D:5      | Noticed Duvessa
  3916 | D:5      | Noticed Dowan
  3942 | D:5      | HP: 2/53 [Dowan/puff of frost (12)]
  3942 | D:5      | Mangled by Duvessa

Illustrated notes

Levels and vault maps discovered:
D:1:      minmay_arrival_checkered_box, layout_basic
D:2:      layout_basic, chequers_ecumenical_altar_simple_redux
D:3:      layout_rooms, mainiacjoe_overflow_concentric_impassable,
          mainiacjoe_overflow_cross_hatched
D:4:      layout_loops_ring, mainiacjoe_overflow_alcove_4, xom_butterflies,
          mainiacjoe_overflow_alcove_2, minmay_temple_entry_mist,
          grunt_ministairs_8
D:5:      layout_rooms, minivault_25, uniq_duvessa

Skill      XL: |  1  2  3  4  5  6 |
---------------+-------------------+-----
Short Blades   | 1 2 |  2.0
Long Blades    | 1 2 |  2.0
Maces & Flails | 1 2 |  2.0
Polearms       | 1 2 |  2.0
Staves         | 1 2 |  2.0
Slings         | 1 2 |  2.0
Bows           | 1 2 |  2.0
Crossbows      | 1 2 |  2.0
Throwing       | 1 2 |  2.0
Stealth        | 1 2 |  2.0
Shields        | 1 2 |  2.0
Unarmed Combat | 1 2 |  2.0
Spellcasting   | 1 2 |  2.0
Conjurations   | 1 |  1.6
Hexes          | 1 |  1.6
Summonings     | 1 |  1.6
Necromancy     | 1 |  1.6
Translocations | 1 |  1.6
Transmutations | 1 |  1.6
Fire Magic     | 1 |  1.6
Ice Magic      | 1 |  1.6
Air Magic      | 1 |  1.6
Earth Magic    | 1 |  1.6
Poison Magic   | 1 |  1.6
Evocations     | 1 2 |  2.0
Dodging        | 3 |  3.3
Invocations    | 5 |  5.1
Axes           | 5 |  5.0
Armour         | 5 |  5.0
Fighting       | |  6.8

Action                   |  1- 3 |  4- 6 || total
-------------------------+-------+-------++-------
Melee: Hand axe          |       |   235 ||   235
       Bite              |       |    25 ||    25
       Dagger            |       |     8 ||     8
Invok: Depart the Abyss  |       |     1 ||     1
  Use: Scroll            |     1 |     9 ||    10
       Potion            |       |     3 ||     3
Armor: Scale mail        |       |   110 ||   110
       Chain mail        |       |    37 ||    37
Dodge: Dodged            |       |   167 ||   167

Table legend: (Time is in decaauts)
 A = Elapsed time spent in this place.
 B = Non-inter-level travel time spent in this place.
 C = Inter-level travel time spent in this place.
 D = Time resting spent in this place.
 E = Time spent auto-exploring this place.
 F = Levels seen in this place.
 G = Mean time per level.
                   A        B        C        D        E       F      G
               +--------+--------+--------+--------+--------+-----+--------+
         Total |   3952 |   3811 |    141 |    171 |   2884 |   6 |  658.7 |
       Dungeon |   3879 |   3738 |    141 |    171 |   2831 |   5 |  775.8 |
         Abyss |     73 |     73 |      0 |      0 |     53 |   1 |   73.0 |
               +--------+--------+--------+--------+--------+-----+--------+

Top non-repeatable levels by time:
     D:4: 1248 daAuts
     D:3: 878 daAuts
     D:1: 873 daAuts
     D:2: 840 daAuts
 Abyss:1: 73 daAuts
     D:5: 39 daAuts
